 Dungeon Crawl Stone Soup version 0.28.0-43-g3370ac3207 (webtiles) character file.

Game seed: 5498164794050361651

310 styxcanada the Covert (level 6, -5/31 HPs)
             Began as a Spriggan Brigand on Mar 3, 2022.
             Was an Initiate of Gozag.
             Killed from afar by Natasha (7 damage)
             ... with a magic dart
             ... on level 3 of the Dungeon.
             The game lasted 00:12:42 (4124 turns).

styxcanada the Covert (Spriggan Brigand)            Turns: 4124, Time: 00:12:43

Health: -5/31      AC:  3    Str:  7    XL:     6   Next: 17%
Magic:  7/7        EV: 18    Int: 13    God:    Gozag
Gold:   53         SH:  0    Dex: 18    Spells: 5/5 levels left

rFire   . . .      SeeInvis +   a - +2 dagger
rCold   . . .      Faith    .   (no shield)
rNeg    . . .      Spirit   .   b - +0 robe
rPois   .          Reflect  .   (helmet restricted)
rElec   .          Harm     .   c - +0 cloak
rCorr   .          Rampage  .   (gloves unavailable)
Will    .....                   (boots unavailable)
Stlth   ++++......              (no amulet)
HPRegen 0.10/turn               (no ring)
MPRegen 0.10/turn               (no ring)

@: weak-willed, slowed, quick
A: very small, no large weapons, unfitting armour, see invisible, speed 3
a: Renounce Religion, Potion Petition, Call Merchant, Bribe Branch


You were on level 3 of the Dungeon.
You worshipped Gozag.
Gozag was noncommittal.
You visited 2 branches of the dungeon, and saw 5 of its levels.

You collected 90 gold pieces.
You paid 37 gold pieces to Gozag.

Inventory:

Hand Weapons
 a - a +2 dagger (weapon)
 n - a +1 antimagic demon blade
 s - a +4 quarterstaff of chaos
Missiles
 d - 3 poisoned darts (quivered)
 e - 2 curare-tipped darts
 f - 52 stones
 p - a throwing net
Armour
 b - a +0 robe (worn)
 c - a +0 cloak (worn)
Wands
 j - a wand of charming (5)
Scrolls
 m - a scroll of vulnerability
 o - a scroll of teleportation
 t - a scroll of enchant weapon {unknown}
Potions
 g - a potion of invisibility {unknown}
 h - a potion of brilliance {unknown}
 i - a potion of berserk rage {unknown}
 k - a potion of curing {unknown}
 l - a potion of degeneration {unknown}
 q - a potion of attraction {unknown}
 r - a potion of magic {unknown}


   Skills:
 * Level 2.3 Fighting
 + Level 3.4 Short Blades
 + Level 2.6 Throwing
 * Level 3.7 Dodging
 * Level 8.3 Stealth
 * Level 1.7 Evocations


You had 5 spell levels left.
You didn't know any spells.
Your spell library was empty.

Dungeon Overview and Level Annotations

Branches:
Dungeon (4/15)             Temple (1/1) D:4

Altars:
Ashenzari
Cheibriados
Dithmenos
Elyvilon
Gozag
Hepliaklqana
Kikubaaqudgha
Makhleb
Nemelex Xobeh
Okawaru
Qazlal
Ru
Trog
Vehumet
Wu Jian
Xom
Yredelemnul
The Shining One

Annotations:
D:3 Natasha
D:4 Sigmund


Innate Abilities, Weirdness & Mutations

You are very small and have problems with some larger weapons.
You are too small for most types of armour.
You have supernaturally acute eyesight. (SInv)
You cover ground extremely quickly. (Speed+++)


Message History

The helpless kobold fails to defend itself.
You stick the kobold like a pincushion!!!
You kill the kobold!
The hound closely misses you.
Things that are here:
20 gold pieces; a +0 dagger The orc hits you but does no damage.
As you read the scroll labelled BUNOTA QEXOS, it crumbles to dust.
Magic quickly surges around you.
It was a scroll of vulnerability.
The orc hits you with a +0 hand axe.
As you read the scroll labelled NOUR ZOJEQOKK, it crumbles to dust.
You feel strangely unstable.
It was a scroll of teleportation.
The hound bites you. x2; The orc hits you with a +0 hand axe.
You barely miss the hound. The hound closely misses you.
You hit the hound.
The hound is lightly wounded.
The hound completely misses you. The orc barely misses you.
You hit the hound.
The hound is moderately wounded.
Your surroundings suddenly seem different.
Natasha hisses angrily.
The goblin shouts!
Natasha closely misses you.
You closely miss Natasha. The goblin hits you with a +0 club.
Natasha completely misses you.
The orc wizard points at you and mumbles some strange words.
The magic dart hits you!
* * * LOW HITPOINT WARNING * * *
Natasha wildly gestures.
You feel disoriented.
There is a stone staircase leading up here.
Natasha stares at you and mumbles some strange words.
You feel yourself slow down.
You climb upwards.
There is a stone staircase leading down here.
You hit Natasha.
Natasha is lightly wounded.
Natasha casts a spell at you. The magic dart hits you!
You die...
Your body crumbles into a pile of gold.

#..........#.......#
#...........#'######
#...........#.#
#...........#.#
#.............#
#..........#..#
#..........#..#
####..........#.h#
................@#########
#####......#####.........#
# #......# #.........# #
#......# #..>......# #
#....<.# #.........#
############ #.........#
.......# #.........#
.......#
#.........########
.......#
#.........'......#


You could see Natasha.

Vanquished Creatures
  A sky beast (D:3)
  A scorpion (D:4)
  Crazy Yiuf (D:3)
  Jessica (D:2)
  4 adders
  A worm (D:2)
  5 dart slugs
  3 orcs (D:3)
  4 bats
  8 endoplasms
  A giant cockroach (D:4)
  2 goblins (D:1)
  3 hobgoblins (D:1)
  6 jackals (D:1)
  A quokka (D:3)
  3 ball pythons
  5 frilled lizards
  3 kobolds
  3 rats
56 creatures vanquished.

Vanquished Creatures (others)
  A goblin (D:1)
  A fungus (D:3)
  2 plants (D:3)
4 creatures vanquished.

Grand Total: 60 creatures vanquished

Notes
Turn   | Place    | Note
-------+----------+-------------------------------------------
     0 | D:1      | styxcanada the Spriggan Brigand began the quest for the
                  | Orb.
     0 | D:1      | Reached XP level 1. HP: 10/10 MP: 2/2
    65 | D:1      | Reached skill level 6 in Stealth
   399 | D:1      | Reached XP level 2. HP: 13/15 MP: 3/3
  1116 | D:1      | Reached XP level 3. HP: 10/18 MP: 4/4
  1802 | D:2      | Reached skill level 7 in Stealth
  2331 | D:2      | Noticed Jessica
  2339 | D:2      | Killed Jessica
  2340 | D:2      | Reached XP level 4. HP: 23/23 MP: 5/5
  3214 | D:3      | Noticed a sky beast
  3217 | D:3      | Killed a sky beast
  3218 | D:3      | Reached skill level 1 in Evocations
  3218 | D:3      | Reached XP level 5. HP: 26/26 MP: 6/6
  3562 | D:3      | Found a runed translucent door.
  3563 | D:3      | Noticed Crazy Yiuf
  3586 | D:3      | Killed Crazy Yiuf
  3587 | D:3      | Reached skill level 8 in Stealth
  3832 | D:3      | Found a faded altar of an unknown god.
  3904 | D:4      | Found a staircase to the Ecumenical Temple.
  3914 | Temple   | Entered the Ecumenical Temple
  3973 | Temple   | Became a worshipper of Gozag Ym Sagoz the Greedy
  4037 | D:4      | Reached XP level 6. HP: 31/31 MP: 7/7
  4041 | D:4      | Noticed Natasha
  4044 | D:4      | Noticed Sigmund
  4109 | D:4      | HP: 1/31 [orc wizard/magic dart (9)]
  4124 | D:3      | Killed from afar by Natasha

Illustrated notes

Levels and vault maps discovered:
D:1:      psy_arrival_conway, layout_rooms, minmay_misc_feat_tower,
          hangedman_abyss_or_decor_stabs, chequers_serial_rivers_room_a
D:2:      layout_basic, uniq_jessica
D:3:      layout_basic, shapermc_ecumenical_altar_mp_ritualfount,
          uniq_crazy_yiuf_cottage
D:4:      layout_cave_pools, minmay_temple_entry_drinking_statues, serial_shops,
          nicolae_shop_statue_plus, uniq_sigmund, uniq_edmund, uniq_natasha
Temple:   regret_index_temple_sigil_plot

Skill      XL: |  1  2  3  4  5 |
---------------+----------------+-----
Stealth        | 6 7 8 |  8.3
Fighting       | 2 |  2.3
Dodging        | 2 3 |  3.7
Short Blades   | 3 |  3.4
Evocations     | 1 |  1.7
Throwing       | |  2.6

Action                   |  1- 3 |  4- 6 || total
-------------------------+-------+-------++-------
Melee: Dagger            |   144 |    75 ||   219
       Punch             |     1 |     1 ||     2
Throw: Dart              |    21 |    16 ||    37
  Use: Scroll            |       |     2 ||     2
 Stab: Sleeping          |     5 |     8 ||    13
Armor: Robe              |    25 |    11 ||    36
Dodge: Dodged            |   106 |    52 ||   158
